MWL (24 & UNDER)
MINNESOTA DEATH STARS @ WISCONSIN RAPIDS RANGERS
04/25/2023
 
TOP OF THE 1ST
Minnesota Death Stars batting - Pitching for Wisconsin Rapids Rangers : LHP Manuel Perea
Pitching: LHP Manuel Perea
Batting: LHB Pat Zimmerman 0-0: Foul Ball, location: 2F
0-1: Ball
1-1: Swinging Strike
1-2: Strikes out swinging
Batting: LHB Jarrod O'Milford 0-0: Ball
1-0: SINGLE (Flyball, 78S)
Batting: RHB Pedro Carranza 0-0: Fielders Choice at 2nd, 1-4 (Groundball, 15)
Batting: SHB Boys van der Lack 0-0: Called Strike
0-1: Foul Ball, location: 2F
0-2: Strikes out swinging
Top of the 1st over - 0 run(s), 1 hit(s), 0 error(s), 1 left on base; Minnesota 0 - Wisconsin Rapids 0
BOTTOM OF THE 1ST
Wisconsin Rapids Rangers batting - Pitching for Minnesota Death Stars : RHP Gavin Robbins
Pitching: RHP Gavin Robbins
Batting: RHB John Hursted 0-0: Ball
1-0: Called Strike
1-1: Called Strike
1-2: Strikes out looking
Batting: RHB Danny Campbell 0-0: Foul Ball, location: 2F
0-1: Ground out 5-3 (Groundball, 56)
Batting: RHB Bruce Brooks 0-0: Called Strike
0-1: Swinging Strike
0-2: Ball
1-2: Strikes out swinging
Bottom of the 1st over - 0 run(s), 0 hit(s), 0 error(s), 0 left on base; Minnesota 0 - Wisconsin Rapids 0
TOP OF THE 2ND
Minnesota Death Stars batting - Pitching for Wisconsin Rapids Rangers : LHP Manuel Perea
Batting: SHB Tim Abbott 0-0: Called Strike
0-1: Ball
1-1: Ball
2-1: Ball
3-1: Swinging Strike
3-2: Foul Ball, location: 2F
3-2: Base on Balls
Batting: RHB Keith Sims 0-0: Ball
Tim Abbott is caught stealing 2nd base
1-0: Ball
2-0: Swinging Strike
2-1: Foul Ball, location: 2F
2-2: Strikes out swinging
Batting: RHB Soetsu Kaneko 0-0: Ball
1-0: Ground out 6-3 (Groundball, 6M)
Top of the 2nd over - 0 run(s), 0 hit(s), 0 error(s), 0 left on base; Minnesota 0 - Wisconsin Rapids 0
BOTTOM OF THE 2ND
Wisconsin Rapids Rangers batting - Pitching for Minnesota Death Stars : RHP Gavin Robbins
Batting: RHB Tom Thompson 0-0: Called Strike
0-1: Foul Ball, location: 2F
0-2: Ball
1-2: Ball
2-2: Ground out 4-3 (Groundball, 4)
Batting: RHB Kirk Powell 0-0: Ball
1-0: Called Strike
1-1: Foul Ball, location: 2F
1-2: Foul Ball, location: 2F
1-2: Strikes out swinging
Batting: RHB Arturo Rodríguez 0-0: Ball
1-0: Ball
2-0: Swinging Strike
2-1: Ball
3-1: Base on Balls
Batting: RHB Robert Acosta 0-0: Swinging Strike
0-1: Foul Ball, location: 2F
0-2: Strikes out swinging
Bottom of the 2nd over - 0 run(s), 0 hit(s), 0 error(s), 1 left on base; Minnesota 0 - Wisconsin Rapids 0
TOP OF THE 3RD
Minnesota Death Stars batting - Pitching for Wisconsin Rapids Rangers : LHP Manuel Perea
Batting: LHB Sean Nicks 0-0: Called Strike
0-1: Ball
1-1: Fly out, F6 (Popup, 6D)
Batting: RHB Jorge Castillo 0-0: Ball
1-0: Swinging Strike
1-1: Swinging Strike
1-2: Ball
2-2: Foul Ball, location: 2F
2-2: Strikes out looking
Batting: LHB Pat Zimmerman 0-0: SINGLE (Line Drive, 6MD)
Batting: LHB Jarrod O'Milford 0-0: Ball
1-0: Called Strike
1-1: Foul Ball, location: 2F
1-2: Ball
Pat Zimmerman is caught stealing 2nd base
Top of the 3rd over - 0 run(s), 1 hit(s), 0 error(s), 0 left on base; Minnesota 0 - Wisconsin Rapids 0
BOTTOM OF THE 3RD
Wisconsin Rapids Rangers batting - Pitching for Minnesota Death Stars : RHP Gavin Robbins
Batting: RHB Ray Little 0-0: Ball
1-0: Ball
2-0: Called Strike
2-1: Ground out 6-3 (Groundball, 6M)
Batting: LHB Ron Robinson 0-0: Ground out 5-3 (Groundball, 56S)
Batting: RHB John Hursted 0-0: Fly out, F8 (Flyball, 8LM)
Bottom of the 3rd over - 0 run(s), 0 hit(s), 0 error(s), 0 left on base; Minnesota 0 - Wisconsin Rapids 0
TOP OF THE 4TH
Minnesota Death Stars batting - Pitching for Wisconsin Rapids Rangers : LHP Manuel Perea
Batting: LHB Jarrod O'Milford 0-0: Ball
1-0: Called Strike
1-1: Swinging Strike
1-2: Ball
2-2: Strikes out swinging
Batting: RHB Pedro Carranza 0-0: Ball
1-0: Ball
2-0: Ball
3-0: Called Strike
3-1: Hit by Pitch
Batting: SHB Boys van der Lack 0-0: Called Strike
0-1: Grounds into double play, 4-6-3 (Groundball, 4)
Top of the 4th over - 0 run(s), 0 hit(s), 0 error(s), 0 left on base; Minnesota 0 - Wisconsin Rapids 0
BOTTOM OF THE 4TH
Wisconsin Rapids Rangers batting - Pitching for Minnesota Death Stars : RHP Gavin Robbins
Batting: RHB Danny Campbell 0-0: Called Strike
0-1: Ball
1-1: Swinging Strike
1-2: Strikes out looking
Batting: RHB Bruce Brooks 0-0: Ball
1-0: Ball
2-0: Ground out 5-3 (Groundball, 5)
Batting: RHB Tom Thompson 0-0: SOLO HOME RUN (Flyball, 8LXD), Distance : 417 ft
Batting: RHB Kirk Powell 0-0: SINGLE (Groundball, 5D)
Batting: RHB Arturo Rodríguez 0-0: Foul Ball, location: 2F
0-1: Ball
1-1: Foul Ball, location: 2F
1-2: Foul Ball, location: 2F
1-2: Strikes out looking
Bottom of the 4th over - 1 run(s), 2 hit(s), 0 error(s), 1 left on base; Minnesota 0 - Wisconsin Rapids 1
TOP OF THE 5TH
Minnesota Death Stars batting - Pitching for Wisconsin Rapids Rangers : LHP Manuel Perea
Batting: SHB Tim Abbott 0-0: Ball
1-0: Swinging Strike
1-1: Fly out, F7 (Line Drive, 7M)
Batting: RHB Keith Sims 0-0: Swinging Strike
0-1: Foul Ball, location: 2F
0-2: Foul Ball, location: 2F
0-2: Foul Ball, location: 2F
0-2: Foul Ball, location: 2F
0-2: Ball
1-2: Ground out 5-3 (Groundball, 5)
Batting: RHB Soetsu Kaneko 0-0: Ball
1-0: Ball
2-0: Ball
3-0: Base on Balls
Batting: LHB Sean Nicks 0-0: Ball
1-0: Ball
2-0: Foul Ball, location: 2F
2-1: Swinging Strike
2-2: Strikes out looking
Top of the 5th over - 0 run(s), 0 hit(s), 0 error(s), 1 left on base; Minnesota 0 - Wisconsin Rapids 1
BOTTOM OF THE 5TH
Wisconsin Rapids Rangers batting - Pitching for Minnesota Death Stars : RHP Gavin Robbins
Batting: RHB Robert Acosta 0-0: SINGLE (Line Drive, 6MD)
Batting: RHB Ray Little 0-0: Called Strike
0-1: Ball
1-1: Called Strike
1-2: Ball
2-2: Foul Ball, location: 2F
2-2: Ball
Robert Acosta is caught stealing 2nd base
3-2: Foul Ball, location: 2F
3-2: Base on Balls
Batting: LHB Ron Robinson 0-0: Called Strike
0-1: SINGLE (Flyball, 9S)
Ray Little to second
Runner from 2nd tries for 3rd, SAFE, throw made to third
Batting: RHB John Hursted 0-0: Ball
1-0: Fly out, F7 (Flyball, 78M)
Runner from 3rd tags up, SCORES, throw made
Batting: RHB Danny Campbell 0-0: Ball
Ron Robinson is caught stealing 2nd base
Bottom of the 5th over - 1 run(s), 2 hit(s), 0 error(s), 0 left on base; Minnesota 0 - Wisconsin Rapids 2
TOP OF THE 6TH
Minnesota Death Stars batting - Pitching for Wisconsin Rapids Rangers : LHP Manuel Perea
Batting: RHB Jorge Castillo 0-0: Foul Ball, location: 2F
0-1: Ball
1-1: Ball
2-1: Swinging Strike
2-2: Ball
3-2: Fly out, F8 (Flyball, 8RM)
Batting: LHB Pat Zimmerman 0-0: Ball
1-0: Foul Ball, location: 2F
1-1: Foul Ball, location: 2F
1-2: Strikes out swinging
Batting: LHB Jarrod O'Milford 0-0: Ball
1-0: Ball
2-0: Reached on error, E3 (Groundball, 34)
Batting: RHB Pedro Carranza 0-0: Swinging Strike
0-1: Ball
1-1: Foul Ball, location: 2F
1-2: Strikes out swinging
Top of the 6th over - 0 run(s), 0 hit(s), 1 error(s), 1 left on base; Minnesota 0 - Wisconsin Rapids 2
BOTTOM OF THE 6TH
Wisconsin Rapids Rangers batting - Pitching for Minnesota Death Stars : RHP Gavin Robbins
Batting: RHB Danny Campbell 0-0: Ground out 4-3 (Groundball, 4M)
Batting: RHB Bruce Brooks 0-0: Swinging Strike
0-1: SINGLE (Line Drive, 6)
Batting: RHB Tom Thompson 0-0: Ball
1-0: Ball
2-0: Grounds into double play, 5-4-3 (Groundball, 5L)
Bottom of the 6th over - 0 run(s), 1 hit(s), 0 error(s), 0 left on base; Minnesota 0 - Wisconsin Rapids 2
TOP OF THE 7TH
Minnesota Death Stars batting - Pitching for Wisconsin Rapids Rangers : LHP Manuel Perea
Pitching: LHP Russell Neal
Batting: SHB Boys van der Lack 0-0: Ball
1-0: Ground out 3-1 (Groundball, 34)
Batting: SHB Tim Abbott 0-0: Ball
1-0: Fly out, F9 (Flyball, 9M)
Batting: RHB Keith Sims 0-0: Ball
1-0: Called Strike
1-1: Ball
2-1: Ball
3-1: Foul Ball, location: 2F
3-2: Base on Balls
Batting: RHB Soetsu Kaneko 0-0: Foul Ball, location: 2F
0-1: Ball
1-1: Ground out 5-3 (Groundball, 5S)
Top of the 7th over - 0 run(s), 0 hit(s), 0 error(s), 1 left on base; Minnesota 0 - Wisconsin Rapids 2
BOTTOM OF THE 7TH
Wisconsin Rapids Rangers batting - Pitching for Minnesota Death Stars : RHP Gavin Robbins
Batting: RHB Kirk Powell 0-0: Ball
1-0: Ball
2-0: Ground out 4-3 (Groundball, 4M)
Batting: RHB Arturo Rodríguez 0-0: Ball
1-0: Called Strike
1-1: Ground out 6-3 (Groundball, 6M)
Batting: RHB Robert Acosta 0-0: Ball
1-0: Foul Ball, location: 2F
1-1: Ball
2-1: Ground out 5-3 (Groundball, 56)
Bottom of the 7th over - 0 run(s), 0 hit(s), 0 error(s), 0 left on base; Minnesota 0 - Wisconsin Rapids 2
TOP OF THE 8TH
Minnesota Death Stars batting - Pitching for Wisconsin Rapids Rangers : LHP Russell Neal
Batting: LHB Sean Nicks 0-0: Ball
1-0: Fly out, F4 (Popup, 3F)
Batting: RHB Jorge Castillo 0-0: Called Strike
0-1: Foul Ball, location: 2F
0-2: Ball
1-2: Ball
2-2: Fly out, F9 (Line Drive, 9S)
Batting: LHB Pat Zimmerman 0-0: Called Strike
0-1: Ball
1-1: Ground out 6-3 (Groundball, 6)
Top of the 8th over - 0 run(s), 0 hit(s), 0 error(s), 0 left on base; Minnesota 0 - Wisconsin Rapids 2
BOTTOM OF THE 8TH
Wisconsin Rapids Rangers batting - Pitching for Minnesota Death Stars : RHP Gavin Robbins
Batting: RHB Ray Little 0-0: SINGLE (Groundball, 34D)
Batting: LHB Ron Robinson 0-0: Bunted foul
0-1: Sac Bunt - play at first, batter OUT! 1-4
Ray Little to second
Batting: RHB John Hursted 0-0: Intentional Walk
Pitching: RHP Jorge Gómez
Pinch Hitting: LHB Ramón Córdova 0-0: Fly out, F8 (Popup, 8RS)
Batting: RHB Bruce Brooks 0-0: Ball
1-0: Called Strike
1-1: Called Strike
1-2: Strikes out swinging
Bottom of the 8th over - 0 run(s), 1 hit(s), 0 error(s), 2 left on base; Minnesota 0 - Wisconsin Rapids 2
TOP OF THE 9TH
Minnesota Death Stars batting - Pitching for Wisconsin Rapids Rangers : LHP Russell Neal
Pitching: LHP Jorge Martínez
Now at 1B: Ramón Córdova
Batting: LHB Jarrod O'Milford 0-0: Ball
1-0: Ball
2-0: Ball
3-0: Called Strike
3-1: Swinging Strike
3-2: Strikes out swinging
Batting: RHB Pedro Carranza 0-0: Ball
1-0: Foul Ball, location: 2F
1-1: Ball
2-1: Called Strike
2-2: Ball
3-2: Foul Ball, location: 2F
3-2: Strikes out looking
Batting: SHB Boys van der Lack 0-0: Foul Ball, location: 2F
0-1: Ball
1-1: Ball
2-1: Fly out, F8 (Line Drive, 8LM)
Top of the 9th over - 0 run(s), 0 hit(s), 0 error(s), 0 left on base; Minnesota 0 - Wisconsin Rapids 2
This league is powered by Out of the Park Baseball, the baseball management simulation game for PC, Mac and Linux
Wednesday, December 2nd, 2015 - OOTP Baseball 16.8 Build 38